TOP OF THE 1ST |
Bangor Trident Base Ogres batting - Pitching for Alloway Halberds : RHP Cole Johnson
|
Pitching: RHP Cole Johnson
|
|
Batting: RHB Jim Unknown
|
0-0: Ball 1-0: Called Strike 1-1: Foul Ball, location: 2F 1-2: Ground out 6-3 (Groundball, 6)
|
Batting: LHB Jim Unknown
|
0-0: Called Strike 0-1: Ball 1-1: Foul Ball, location: 2F 1-2: Strikes out swinging
|
Batting: RHB Jim Unknown
|
0-0: Ball 1-0: Foul Ball, location: 2F 1-1: Ball 2-1: Swinging Strike 2-2: Ball 3-2: Base on Balls
|
Batting: RHB Jim Unknown
|
0-0: Called Strike 0-1: Ball 1-1: Ball 2-1: Ground out 4-3 (Groundball, 4)
|
Top of the 1st over - 0 run(s), 0 hit(s), 0 error(s), 1 left on base; Bangor Trident Base 0 - Alloway 0 |
BOTTOM OF THE 1ST |
Alloway Halberds batting - Pitching for Bangor Trident Base Ogres : RHP Jim Unknown
|
Pitching: RHP Jim Unknown
|
|
Batting: RHB Daniel Molina
|
0-0: Swinging Strike 0-1: Foul Ball, location: 2F 0-2: Strikes out swinging
|
Batting: RHB Bill Stewart
|
0-0: Swinging Strike 0-1: Called Strike 0-2: Ball 1-2: Ball 2-2: Strikes out swinging
|
Batting: RHB Jonathan Cundall
|
0-0: Ball 1-0: Ground out 6-3 (Groundball, 6)
|
Bottom of the 1st over - 0 run(s), 0 hit(s), 0 error(s), 0 left on base; Bangor Trident Base 0 - Alloway 0 |
TOP OF THE 2ND |
Bangor Trident Base Ogres batting - Pitching for Alloway Halberds : RHP Cole Johnson
|
Batting: RHB Jim Unknown
|
0-0: Swinging Strike 0-1: Ball 1-1: Ball 2-1: Foul Ball, location: 2F 2-2: Ball 3-2: Base on Balls
|
Batting: SHB Jim Unknown
|
0-0: Ball 1-0: Ball 2-0: Ball 3-0: Called Strike 3-1: Called Strike 3-2: Base on Balls Jim Unknown to second
|
Batting: RHB Jim Unknown
|
0-0: Ball 1-0: Foul Ball, location: 2F 1-1: Foul Ball, location: 2F 1-2: Ball 2-2: Ball 3-2: Base on Balls Jim Unknown to third Jim Unknown to second
|
Batting: LHB Jim Unknown
|
0-0: Ball 1-0: Ball 2-0: Ball 3-0: Called Strike 3-1: Base on Balls Jim Unknown scores Jim Unknown to third Jim Unknown to second
|
Batting: SHB Jim Unknown
|
0-0: Ball 1-0: Foul Ball, location: 2F 1-1: Ball 2-1: Ball 3-1: Base on Balls Jim Unknown scores Jim Unknown to third Jim Unknown to second
|
Batting: RHB Jim Unknown
|
0-0: Ball 1-0: Called Strike 1-1: Ball 2-1: Grounds into double play, U6-3 (Groundball, 6M) Jim Unknown scores Jim Unknown to third
|
Batting: LHB Jim Unknown
|
0-0: Ball 1-0: Foul Ball, location: 2F 1-1: Ground out 1-3 (Groundball, 13)
|
Top of the 2nd over - 3 run(s), 0 hit(s), 0 error(s), 1 left on base; Bangor Trident Base 3 - Alloway 0 |
BOTTOM OF THE 2ND |
Alloway Halberds batting - Pitching for Bangor Trident Base Ogres : RHP Jim Unknown
|
Batting: SHB Neil Ladner
|
0-0: Ball 1-0: Called Strike 1-1: Swinging Strike 1-2: Foul Ball, location: 2F 1-2: SINGLE (Line Drive, 6MD)
|
Batting: RHB Juan Martínez
|
0-0: Swinging Strike 0-1: Called Strike 0-2: Reached on error, E6 (Groundball, 6) Neil Ladner to second
|
Batting: LHB Francisco Rivas
|
0-0: Ball 1-0: Called Strike 1-1: Called Strike 1-2: Foul Ball, location: 2F 1-2: DOUBLE (Flyball, 8LXD) Neil Ladner scores Juan Martínez to third
|
Batting: RHB Mark Davis
|
0-0: Fly out, F9 (Flyball, 89S)
|
Batting: LHB Kenji Takahashi
|
0-0: Called Strike 0-1: SINGLE (Line Drive, 9S) Juan Martínez scores Francisco Rivas to third Runner from 3rd tries for Home, SAFE, throw made home
|
Batting: RHB Mike Davis
|
0-0: Called Strike 0-1: SINGLE (Groundball, 6MD) (infield hit) Kenji Takahashi to second
|
Batting: RHB Daniel Molina
|
0-0: Ground out 5-3 (Groundball, 5S) Kenji Takahashi to third Mike Davis to second
|
Batting: RHB Bill Stewart
|
0-0: Ball 1-0: Foul Ball, location: 2F 1-1: Ball 2-1: Ball 3-1: SINGLE (Line Drive, 8RS) Kenji Takahashi scores Mike Davis to third Runner from 3rd tries for Home, SAFE, no throw or cutoff
|
Batting: RHB Jonathan Cundall
|
0-0: Ball 1-0: Ball 2-0: SINGLE (Groundball, 6) Bill Stewart to second
|
Batting: SHB Neil Ladner
|
0-0: Called Strike 0-1: Swinging Strike 0-2: Ball 1-2: Foul Ball, location: 2F 1-2: Strikes out swinging
|
Bottom of the 2nd over - 5 run(s), 6 hit(s), 1 error(s), 2 left on base; Bangor Trident Base 3 - Alloway 5 |
TOP OF THE 3RD |
Bangor Trident Base Ogres batting - Pitching for Alloway Halberds : RHP Cole Johnson
|
Batting: RHB Jim Unknown
|
0-0: Ball 1-0: Ball 2-0: Called Strike 2-1: Ground out 4-3 (Groundball, 4M)
|
Batting: RHB Jim Unknown
|
0-0: Foul Ball, location: 2F 0-1: Ground out 6-3 (Groundball, 6)
|
Batting: RHB Jim Unknown
|
0-0: Ball 1-0: Foul Ball, location: 2F 1-1: Ball 2-1: Foul Ball, location: 2F 2-2: Foul Ball, location: 2F 2-2: Foul Ball, location: 2F 2-2: SINGLE (Groundball, 56D)
|
Batting: SHB Jim Unknown
|
0-0: Called Strike 0-1: Ball 1-1: Swinging Strike 1-2: Foul Ball, location: 2F 1-2: Foul Ball, location: 2F 1-2: DOUBLE (Line Drive, 7D) Jim Unknown to third Runner from 3rd tries for Home, SAFE, no throw or cutoff
|
Batting: RHB Jim Unknown
|
0-0: Ball 1-0: DOUBLE (Line Drive, 7LS) Jim Unknown scores
|
Batting: LHB Jim Unknown
|
0-0: Called Strike 0-1: Swinging Strike 0-2: SINGLE (Line Drive, 8LS) Jim Unknown to third Runner from 3rd tries for Home, SAFE, no throw or cutoff
|
Batting: SHB Jim Unknown
|
0-0: Called Strike 0-1: Foul Ball, location: 2F 0-2: Ball 1-2: Strikes out swinging
|
Top of the 3rd over - 3 run(s), 4 hit(s), 0 error(s), 1 left on base; Bangor Trident Base 6 - Alloway 5 |
BOTTOM OF THE 3RD |
Alloway Halberds batting - Pitching for Bangor Trident Base Ogres : RHP Jim Unknown
|
Batting: RHB Juan Martínez
|
0-0: Called Strike 0-1: Ground out 5-3 (Groundball, 5)
|
Batting: LHB Francisco Rivas
|
0-0: Ground out 6-3 (Groundball, 6)
|
Batting: RHB Mark Davis
|
0-0: Foul Ball, location: 2F 0-1: Called Strike 0-2: Fly out, F8 (Line Drive, 8RM)
|
Bottom of the 3rd over - 0 run(s), 0 hit(s), 0 error(s), 0 left on base; Bangor Trident Base 6 - Alloway 5 |
TOP OF THE 4TH |
Bangor Trident Base Ogres batting - Pitching for Alloway Halberds : RHP Cole Johnson
|
Batting: RHB Jim Unknown
|
0-0: Called Strike 0-1: Ball 1-1: Fly out, F5 (Line Drive, 56)
|
Batting: LHB Jim Unknown
|
0-0: Ball 1-0: Ball 2-0: Ball 3-0: Foul Ball, location: 2F 3-1: Base on Balls
|
Batting: RHB Jim Unknown
|
0-0: Ball 1-0: Ball 2-0: Called Strike 2-1: Foul Ball, location: 2F 2-2: Foul Ball, location: 2F 2-2: Foul Ball, location: 2F 2-2: Ball 3-2: Base on Balls Jim Unknown to second
|
Batting: RHB Jim Unknown
|
0-0: Called Strike 0-1: Ball 1-1: Called Strike 1-2: Strikes out swinging
|
Pitching: RHP Steve Terry
|
|
Batting: RHB Jim Unknown
|
0-0: Called Strike 0-1: Ball 1-1: Fly out, F1 (Popup, 13)
|
Top of the 4th over - 0 run(s), 0 hit(s), 0 error(s), 2 left on base; Bangor Trident Base 6 - Alloway 5 |
BOTTOM OF THE 4TH |
Alloway Halberds batting - Pitching for Bangor Trident Base Ogres : RHP Jim Unknown
|
Batting: LHB Kenji Takahashi
|
0-0: Foul Ball, location: 2F 0-1: Fly out, F7 (Flyball, 78M)
|
Batting: RHB Mike Davis
|
0-0: SINGLE (Groundball, 56D)
|
Batting: RHB Daniel Molina
|
0-0: Ball 1-0: Called Strike 1-1: Foul Ball, location: 2F 1-2: Fly out, F8 (Line Drive, 8LD)
|
Batting: RHB Bill Stewart
|
0-0: Called Strike 0-1: Ball 1-1: Foul Ball, location: 2F 1-2: SINGLE (Line Drive, 89S) Mike Davis to second Mike Davis to third
|
Batting: RHB Jonathan Cundall
|
0-0: Ball 1-0: Ball 2-0: Ball 3-0: Called Strike 3-1: Called Strike 3-2: Strikes out swinging
|
Bottom of the 4th over - 0 run(s), 2 hit(s), 0 error(s), 2 left on base; Bangor Trident Base 6 - Alloway 5 |
TOP OF THE 5TH |
Bangor Trident Base Ogres batting - Pitching for Alloway Halberds : RHP Steve Terry
|
Batting: SHB Jim Unknown
|
0-0: Foul Ball, location: 2F 0-1: Foul Ball, location: 2F 0-2: SINGLE (Groundball, 4M)
|
Batting: RHB Jim Unknown
|
0-0: Ball 1-0: Fly out, F2 (Popup, 2RF)
|
Batting: LHB Jim Unknown
|
0-0: Ball Jim Unknown steals 2nd base 1-0: Called Strike 1-1: Fly out, F9 (Flyball, 9S)
|
Batting: SHB Jim Unknown
|
0-0: Foul Ball, location: 2F 0-1: Called Strike 0-2: Ball 1-2: Ball 2-2: Strikes out swinging
|
Top of the 5th over - 0 run(s), 1 hit(s), 0 error(s), 1 left on base; Bangor Trident Base 6 - Alloway 5 |
BOTTOM OF THE 5TH |
Alloway Halberds batting - Pitching for Bangor Trident Base Ogres : RHP Jim Unknown
|
Batting: SHB Neil Ladner
|
0-0: Foul Ball, location: 2F 0-1: Ball 1-1: Ball 2-1: Ball 3-1: Swinging Strike 3-2: Foul Ball, location: 2F 3-2: Ground out 4-3 (Groundball, 4M)
|
Batting: RHB Juan Martínez
|
0-0: Ball 1-0: Foul Ball, location: 2F 1-1: Ball 2-1: Fly out, F5 (Line Drive, 56)
|
Batting: LHB Francisco Rivas
|
0-0: Ball 1-0: Ball 2-0: DOUBLE (Groundball, 5L)
|
Batting: RHB Mark Davis
|
0-0: Ball 1-0: Ball 2-0: Fly out, F8 (Flyball, 8LM)
|
Bottom of the 5th over - 0 run(s), 1 hit(s), 0 error(s), 1 left on base; Bangor Trident Base 6 - Alloway 5 |
TOP OF THE 6TH |
Bangor Trident Base Ogres batting - Pitching for Alloway Halberds : RHP Steve Terry
|
Batting: RHB Jim Unknown
|
0-0: SINGLE (Line Drive, 56D)
|
Batting: LHB Jim Unknown
|
0-0: Bunted foul 0-1: Bunted foul 0-2: Ball 1-2: Ball 2-2: Ball 3-2: Base on Balls Jim Unknown to second
|
Batting: RHB Jim Unknown
|
0-0: Ball 1-0: Fly out, F7 (Line Drive, 78D)
|
Batting: RHB Jim Unknown
|
0-0: Ball 1-0: Called Strike 1-1: Foul Ball, location: 2F 1-2: Ball 2-2: Strikes out swinging
|
Batting: RHB Jim Unknown
|
0-0: Foul Ball, location: 2F 0-1: Fly out, F7 (Flyball, 78M)
|
Top of the 6th over - 0 run(s), 1 hit(s), 0 error(s), 2 left on base; Bangor Trident Base 6 - Alloway 5 |
BOTTOM OF THE 6TH |
Alloway Halberds batting - Pitching for Bangor Trident Base Ogres : RHP Jim Unknown
|
Batting: LHB Kenji Takahashi
|
0-0: Called Strike 0-1: Fly out, F8 (Flyball, 8LD)
|
Batting: RHB Mike Davis
|
0-0: Ball 1-0: Called Strike 1-1: Ball 2-1: Foul Ball, location: 2F 2-2: Foul Ball, location: 2F 2-2: Strikes out swinging
|
Batting: RHB Daniel Molina
|
0-0: Ball 1-0: Ball 2-0: Called Strike 2-1: Ground out 5-3 (Groundball, 56)
|
Bottom of the 6th over - 0 run(s), 0 hit(s), 0 error(s), 0 left on base; Bangor Trident Base 6 - Alloway 5 |
TOP OF THE 7TH |
Bangor Trident Base Ogres batting - Pitching for Alloway Halberds : RHP Steve Terry
|
Batting: SHB Jim Unknown
|
0-0: Ball 1-0: Called Strike 1-1: Ball 2-1: Foul Ball, location: 2F 2-2: Ball 3-2: SINGLE (Line Drive, 8LS)
|
Batting: RHB Jim Unknown
|
0-0: Swinging Strike 0-1: Sac Bunt - play at first, batter OUT! 3-4 Jim Unknown to second
|
Batting: LHB Jim Unknown
|
0-0: Ball 1-0: Ball 2-0: Called Strike 2-1: Ball Jim Unknown steals 3rd base 3-1: Base on Balls
|
Batting: SHB Jim Unknown
|
0-0: Called Strike 0-1: Ball Wild Pitch! Jim Unknown scores Jim Unknown to second 1-1: Intentional Walk
|
Pitching: RHP Manuel Reyes
|
|
Batting: RHB Jim Unknown
|
0-0: SINGLE (Popup, 7S) Jim Unknown to third Jim Unknown to second Runner from 3rd tries for Home, throw and OUT! Jim Unknown to third Jim Unknown to second
|
Batting: LHB Jim Unknown
|
0-0: Ball Passed Ball! Jim Unknown scores Jim Unknown to third 1-0: Ball 2-0: Called Strike 2-1: Foul Ball, location: 2F 2-2: Foul Ball, location: 2F 2-2: Foul Ball, location: 2F 2-2: SINGLE (Line Drive, 89S) Jim Unknown scores
|
Batting: RHB Jim Unknown
|
0-0: SINGLE (Groundball, 56D) Jim Unknown to second
|
Batting: RHB Jim Unknown
|
0-0: Ball 1-0: Foul Ball, location: 2F 1-1: Ball 2-1: Called Strike 2-2: SINGLE (Groundball, 56) Jim Unknown to third Jim Unknown to second Throwing error, E7 Jim Unknown scores Jim Unknown to third Jim Unknown to second
|
Batting: RHB Jim Unknown
|
0-0: Ball 1-0: Fly out, F9 (Flyball, 9M)
|
Top of the 7th over - 4 run(s), 5 hit(s), 1 error(s), 2 left on base; Bangor Trident Base 10 - Alloway 5 |
BOTTOM OF THE 7TH |
Alloway Halberds batting - Pitching for Bangor Trident Base Ogres : RHP Jim Unknown
|
Batting: RHB Bill Stewart
|
0-0: Reached on error, E1 (Groundball, 13S)
|
Batting: RHB Jonathan Cundall
|
0-0: Called Strike 0-1: Swinging Strike 0-2: Strikes out swinging
|
Batting: SHB Neil Ladner
|
0-0: Ball 1-0: Fly out, F7 (Flyball, 78M)
|
Batting: RHB Juan Martínez
|
0-0: Foul Ball, location: 2F 0-1: Called Strike 0-2: Foul Ball, location: 2F 0-2: Fly out, F7 (Flyball, 7LD)
|
Bottom of the 7th over - 0 run(s), 0 hit(s), 1 error(s), 1 left on base; Bangor Trident Base 10 - Alloway 5 |
TOP OF THE 8TH |
Bangor Trident Base Ogres batting - Pitching for Alloway Halberds : RHP Manuel Reyes
|
Batting: SHB Jim Unknown
|
0-0: Ball 1-0: Ball 2-0: Called Strike 2-1: Ball 3-1: Called Strike 3-2: Foul Ball, location: 2F 3-2: Base on Balls
|
Batting: RHB Jim Unknown
|
0-0: Called Strike 0-1: Ball 1-1: SINGLE (Line Drive, 6MD) Jim Unknown to second
|
Batting: LHB Jim Unknown
|
0-0: Bunt missed! 0-1: Bunted foul 0-2: Fly out, F8 (Flyball, 78M)
|
Pitching: LHP Peyton Leach
|
|
Batting: SHB Jim Unknown
|
0-0: Foul Ball, location: 2F 0-1: Foul Ball, location: 2F 0-2: Ball 1-2: Ground out 5-3 (Groundball, 5S) Jim Unknown to third Jim Unknown to second
|
Batting: RHB Jim Unknown
|
0-0: Called Strike 0-1: Ball 1-1: Called Strike 1-2: Foul Ball, location: 2F 1-2: Ball 2-2: Strikes out swinging
|
Top of the 8th over - 0 run(s), 1 hit(s), 0 error(s), 2 left on base; Bangor Trident Base 10 - Alloway 5 |
BOTTOM OF THE 8TH |
Alloway Halberds batting - Pitching for Bangor Trident Base Ogres : RHP Jim Unknown
|
Batting: LHB Francisco Rivas
|
0-0: Foul Ball, location: 2F 0-1: Ball 1-1: Called Strike 1-2: Ground out 4-3 (Groundball, 4)
|
Batting: RHB Mark Davis
|
0-0: Swinging Strike 0-1: Ball 1-1: Foul Ball, location: 2F 1-2: Foul Ball, location: 2F 1-2: Ball 2-2: Ground out 6-3 (Groundball, 6)
|
Batting: LHB Kenji Takahashi
|
0-0: Ball 1-0: Ball 2-0: Ground out 4-3 (Groundball, 4M)
|
Bottom of the 8th over - 0 run(s), 0 hit(s), 0 error(s), 0 left on base; Bangor Trident Base 10 - Alloway 5 |
TOP OF THE 9TH |
Bangor Trident Base Ogres batting - Pitching for Alloway Halberds : LHP Peyton Leach
|
Pitching: RHP Jim Unknown
|
|
Batting: LHB Jim Unknown
|
0-0: Called Strike 0-1: Swinging Strike 0-2: Strikes out looking
|
Batting: RHB Jim Unknown
|
0-0: Ball 1-0: Called Strike 1-1: Swinging Strike 1-2: Ground out 1-3 (Groundball, 15)
|
Batting: RHB Jim Unknown
|
0-0: Called Strike 0-1: Foul Ball, location: 2F 0-2: Ball 1-2: Ball 2-2: DOUBLE (Line Drive, 78XD)
|
Batting: RHB Jim Unknown
|
0-0: Ball 1-0: Called Strike 1-1: SINGLE (Groundball, 34D) (infield hit) Jim Unknown to third
|
Batting: SHB Jim Unknown
|
0-0: Ball 1-0: Ball 2-0: Fly out, F4 (Line Drive, 4)
|
Top of the 9th over - 0 run(s), 2 hit(s), 0 error(s), 2 left on base; Bangor Trident Base 10 - Alloway 5 |
BOTTOM OF THE 9TH |
Alloway Halberds batting - Pitching for Bangor Trident Base Ogres : RHP Jim Unknown
|
Pitching: RHP Jim Unknown
|
|
Batting: RHB Mike Davis
|
0-0: Called Strike 0-1: Called Strike 0-2: Ball 1-2: Ball 2-2: Ball 3-2: Base on Balls
|
Batting: RHB Daniel Molina
|
0-0: Ball 1-0: Swinging Strike 1-1: Ball 2-1: Called Strike 2-2: Strikes out looking
|
Batting: RHB Bill Stewart
|
0-0: Ball 1-0: Called Strike 1-1: Foul Ball, location: 2F 1-2: Ball 2-2: Ball 3-2: Strikes out swinging Mike Davis steals 2nd base Batter strikes out.
|
Batting: RHB Jonathan Cundall
|
0-0: SINGLE (Groundball, 6M) Mike Davis to third Runner from 3rd tries for Home, SAFE, no throw or cutoff
|
Batting: SHB Neil Ladner
|
0-0: Called Strike 0-1: Foul Ball, location: 2F 0-2: Foul Ball, location: 2F 0-2: Ball 1-2: Ball 2-2: Fly out, F7 (Flyball, 78M)
|
Bottom of the 9th over - 1 run(s), 1 hit(s), 0 error(s), 1 left on base; Bangor Trident Base 10 - Alloway 6 |
|